 Dungeon Crawl Stone Soup version 0.23.2-1-ga50397a (webtiles) character file.

Game seed: 2031847034454847528

940 whitewolfNL the Ruffian (level 7, -1/67 HPs)
             Began as a Troll Berserker on Apr 30, 2019.
             Was an Elder of Trog.
             Slain by an orc
             ... wielding a +0 trident
              (2 damage)
             ... on level 6 of the Dungeon.
             The game lasted 00:23:30 (4514 turns).

whitewolfNL the Ruffian (Troll Berserker)           Turns: 4514, Time: 00:23:33

Health: -1/67      AC: 11    Str: 26    XL:     7   Next: 88%
Magic:  6/6        EV:  9    Int:  3    God:    Trog [****..]
Gold:   289        SH:  8    Dex: 11    Spells: 6/6 levels left

rFire    . . .     SeeInvis .     - Unarmed
rCold    . . .     Gourm    +   h - +0 shield
rNeg     + . .     Faith    .   q - +2 robe {rN+}
rPois    .         Spirit   .   (helmet restricted)
rElec    .         Reflect  .   x - +2 cloak
rCorr    .         Harm     .   (gloves unavailable)
MR       .....                  (boots unavailable)
Stlth    +.........             (no amulet)
HPRegen  0.61/turn              B - +1 ring of evasion
MPRegen  0.10/turn              u - ring of attention (curse)

@: about to teleport, berserk cooldown, slowed, very slow
A: large, unfitting armour, claws 3, fast metabolism 3, gourmand, regeneration
1, shaggy fur 1, tough skin 3
a: Berserk, Trog's Hand, Brothers in Arms, Renounce Religion


You were on level 6 of the Dungeon.
You worshipped Trog.
Trog was greatly pleased with you.
You were very full.

You visited 1 branch of the dungeon, and saw 6 of its levels.

You collected 289 gold pieces.

Inventory:

Hand Weapons
 l - a +1 battleaxe of flaming
 v - a +0 blowgun
 z - the +11 rapier "Zehig" {freeze, rElec rPois}
   (You found it on level 4 of the Dungeon)

   It has been specially enchanted to freeze those struck by it, causing extra
   injury to most foes and up to half again as much damage against particularly
   susceptible opponents.
   It can also slow down cold-blooded creatures.
   It insulates you from electricity.
   It protects you from poison.
Missiles
 r - a tomahawk (quivered)
 w - 32 poisoned needles
 A - 22 arrows
Armour
 h - a +0 shield (worn)
 q - a +2 robe of positive energy (worn)
 x - a +2 cloak (worn)
Jewellery
 i - an uncursed ring of poison resistance
 u - a cursed ring of attention (right claw)
 B - a +1 ring of evasion (left claw)
Wands
 s - a wand of flame (22)
Scrolls
 c - 8 scrolls of teleportation
 j - a scroll of enchant weapon
 n - a scroll of fear
 o - a scroll of fog {unknown}
 p - a scroll of immolation
 t - 2 scrolls of remove curse {unknown}
 y - a scroll of magic mapping {unknown}
Potions
 a - a potion of might {unknown}
 d - 4 potions of flight
 e - a potion of lignification {unknown}
 f - 5 potions of curing
 g - 2 potions of haste {unknown}
 k - a potion of invisibility {unknown}
 m - a potion of heal wounds {unknown}
Comestibles
 b - 14 rations


   Skills:
 * Level 3.6 Fighting
 - Level 0.2 Throwing
 * Level 4.0 Dodging
 * Level 1.5 Stealth
 * Level 1.2 Shields
 * Level 7.1 Unarmed Combat


You had 6 spell levels left.
You didn't know any spells.
Your spell library was empty.

Dungeon Overview and Level Annotations

Branches:
Dungeon (6/15)
 Temple: D:4-7

Altars:
Hepliaklqana
Makhleb
Qazlal
Ru
Sif Muna
Trog

Annotations:
D:6 Grinder


Innate Abilities, Weirdness & Mutations

You are too large for most types of armour.
You have claws for hands.
Your metabolism is lightning-fast.
You like to eat raw meat.
Your natural rate of healing is unusually fast.
You are covered in fur. (AC +1)
You have extremely tough skin. (AC +3)


Message History

A gnoll comes into view. It is wielding a +0 flail.
The orc hits you from afar with a +0 trident.
* * * LOW HITPOINT WARNING * * *
The orc priest looks satisfied for a moment.
The orc wizard gestures at you while chanting.
The magic dart hits you but does no damage.
You block the orc wizard's attack. The orc completely misses you.
It was a potion of curing.
You feel better.
The orc priest hits you but does no damage.
You block the orc's attack.
The gnoll shaman calls upon its god to speed up the gnoll.
The gnoll seems to speed up.
The orc wizard hits you with a +0 dagger.
* * * LOW HITPOINT WARNING * * *
The orc wizard points at you and mumbles some strange words.
The magic dart hits you but does no damage.
The orc hits you with a +0 flail!
* * * LOW HITPOINT WARNING * * *
The orc hits you from afar with a +0 trident.
You die...

$...... #.....
##.g.. ...g#
....## #oo...##<
##oo# .#. .. #)@#
#.. ...
#oo###.###..#
#####.##....oo.#.
#...#.##.........
#..........o.....
#................
#.................
#..#......<....[..
##................


You could see a gnoll shaman, an orc priest, 2 orc wizards, a gnoll and 3 orcs.

Vanquished Creatures
  Edmund (D:4)
  Blork the orc (D:4)
  A scorpion (D:5)
  A water moccasin skeleton (D:4)
  A howler monkey (D:5)
  A centaur zombie (D:5)
  A bullfrog zombie (D:5)
  3 orc priests (D:6)
  Crazy Yiuf (D:3)
  A hound (D:5)
  A bullfrog skeleton (D:4)
  2 iguanas (D:5)
  2 centaur skeletons
  Natasha (D:3)
  A worker ant (D:4)
  A hound zombie (D:4)
  2 worker ant zombies (D:5)
  4 gnolls (D:2)
  3 adders
  A shadow imp (D:5)
  An ooze (D:4)
  2 worms
  A dart slug (D:2)
  3 leopard geckos
  11 orcs
  2 ball pythons (D:4)
  9 bats
  3 giant cockroaches (D:2)
  6 goblins
  7 hobgoblins
  12 jackals
  11 kobolds
  2 quokkas (D:4)
  6 frilled lizards
  2 jackal skeletons
  A leopard gecko skeleton (D:5)
  A quokka skeleton (D:4)
  4 rats
114 creatures vanquished.

Notes
Turn   | Place    | Note
-------+----------+-------------------------------------------
     0 | D:1      | whitewolfNL the Troll Berserker began the quest for the
                  | Orb.
     0 | D:1      | Reached XP level 1. HP: 22/22 MP: 0/0
    98 | D:1      | Reached XP level 2. HP: 29/29 MP: 1/1
  1080 | D:2      | Found a bloodstained altar of Trog.
  1131 | D:2      | Reached XP level 3. HP: 36/36 MP: 2/2
  1197 | D:2      | Reached ** piety under Trog
  1201 | D:2      | Reached XP level 4. HP: 27/44 MP: 3/3
  1968 | D:3      | Reached skill level 4 in Unarmed Combat
  2042 | D:3      | Found a faded altar of an unknown god.
  2223 | D:3      | Found a deep blue altar of Sif Muna.
  2558 | D:3      | Noticed Natasha
  2564 | D:3      | Killed Natasha
  2593 | D:3      | Reached XP level 5. HP: 53/53 MP: 4/4
  2704 | D:3      | Found a runed translucent door.
  2705 | D:3      | Noticed Crazy Yiuf
  2713 | D:3      | Killed Crazy Yiuf
  2850 | D:3      | Found a sacrificial altar of Ru.
  2975 | D:4      | Noticed Blork the orc
  2983 | D:4      | Killed Blork the orc
  2983 | D:4      | Reached skill level 1 in Stealth
  2983 | D:4      | Reached skill level 5 in Unarmed Combat
  3035 | D:4      | Noticed an air elemental
  3038 | D:4      | Found a stormy altar of Qazlal.
  3045 | D:4      | Reached *** piety under Trog
  3052 | D:4      | Noticed a fire elemental
  3052 | D:4      | Noticed a water elemental
  3085 | D:4      | Reached XP level 6. HP: 61/61 MP: 5/5
  3141 | D:4      | Got a brightly glowing rapier
  3146 | D:4      | Identified the +11 rapier "Zehig" {freeze, rElec rPois}
                  | (You found it on level 4 of the Dungeon)
  3221 | D:4      | Noticed Edmund
  3233 | D:4      | Killed Edmund
  3261 | D:4      | Found a hazy altar of Hepliaklqana.
  3295 | D:4      | Reached skill level 6 in Unarmed Combat
  3295 | D:4      | Reached XP level 7. HP: 67/67 MP: 6/6
  3763 | D:5      | Entered Level 5 of the Dungeon
  3969 | D:5      | Found a burning altar of Makhleb.
  4212 | D:5      | Reached **** piety under Trog
  4237 | D:5      | Reached skill level 1 in Shields
  4501 | D:6      | Reached skill level 7 in Unarmed Combat
  4511 | D:6      | Noticed Grinder
  4514 | D:6      | HP: 1/67 [orc/+0 flail (11)]
  4514 | D:6      | Slain by an orc

Skill      XL: |  1  2  3  4  5  6  7 |
---------------+----------------------+-----
Dodging        | 3 4 |  4.0
Unarmed Combat | 4 5 6 7 |  7.1
Fighting       | 3 |  3.6
Stealth        | 1 |  1.5
Shields        | 1 |  1.2
Throwing       | |  0.2

Action                   |  1- 3 |  4- 6 |  7- 9 || total
-------------------------+-------+-------+-------++-------
Melee: Unarmed           |    71 |   144 |   103 ||   318
       Punch             |     3 |     4 |       ||     7
Throw: Tomahawk          |       |     5 |       ||     5
Invok: Berserk           |     1 |     4 |     3 ||     8
  Use: Scroll            |       |     6 |     1 ||     7
       Potion            |       |       |     1 ||     1
 Stab: Sleeping          |     1 |       |       ||     1
  Eat: Chunk             |     9 |    32 |    13 ||    54
Armor: Animal skin       |    37 |       |       ||    37
       Robe              |     2 |    52 |    33 ||    87
Dodge: Dodged            |    47 |    63 |    37 ||   147
Block: Shield            |       |     2 |    44 ||    46
